 Dungeon Crawl Stone Soup version 0.20.1-1-g8b1a95d (webtiles) character file.

4946 StonedInZion the Destroyer (level 10, 0/69 HPs)
             Began as a Demigod Conjurer on Nov 3, 2017.
             Slain by a killer bee (2 damage)
             ... on level 9 of the Dungeon.
             The game lasted 01:51:30 (16491 turns).

StonedInZion the Destroyer (Demigod Conjurer)      Turns: 16491, Time: 01:51:31

Health: 0/69       AC:  6    Str: 15    XL:     10   Next: 7%
Magic:  19/26      EV: 15    Int: 25    God:
Gold:   656        SH:  0    Dex: 16    Spells: 7/25 levels left

rFire    . . .     SeeInvis +   a - +3 dagger (freeze)
rCold    . . .     Gourm    .   (no shield)
rNeg     . . .     Faith    .   E - +1 robe
rPois    .         Spirit   .   t - +0 helmet
rElec    .         Reflect  .   T - +0 cloak
rCorr    .         Harm     .   Q - +0 pair of gloves
MR       +....                  (no boots)
Stlth    +++.......             (no amulet)
Regen    0.3/turn               e - +4 ring of strength
MPRegen  0.2/turn               r - ring of see invisible

@: no status effects
A: high mp 1
a: no special abilities


You were on level 9 of the Dungeon.
You were hungry.

You visited 1 branch of the dungeon, and saw 10 of its levels.

You collected 708 gold pieces.
You spent 52 gold pieces at shops.

Inventory:

Hand Weapons
 a - a +3 dagger of freezing (weapon)
 L - a +3 whip
 M - a +0 dagger of venom
 O - a +0 shortbow of freezing
Missiles
 p - 3 needles of sleeping
 C - 3 tomahawks
 I - 38 arrows
 R - 8 tomahawks of dispersal (quivered)
Armour
 l - a scarf of spirit shield
 t - a +0 helmet (worn)
 E - a +1 robe (worn)
 K - a +2 leather armour of poison resistance
 Q - a +0 pair of gloves (worn)
 T - a +0 cloak (worn)
Magical Staves
 b - an uncursed staff of conjuration
Jewellery
 d - an uncursed ring of positive energy
 e - a +4 ring of strength (left hand)
 q - an uncursed ring of positive energy
 r - a ring of see invisible (right hand)
 S - an uncursed amulet of guardian spirit
 W - an uncursed amulet of harm
Wands
 o - a wand of lightning (6/15)
 v - a wand of lightning (14/15)
 B - a wand of acid (10/15)
 V - a wand of flame (21/48)
Scrolls
 f - a scroll of immolation
 h - 5 scrolls of remove curse
 m - a scroll of amnesia
 n - 2 scrolls of enchant armour
 x - 2 scrolls of recharging
 z - 2 scrolls of enchant weapon
 D - a scroll of magic mapping
Potions
 s - 2 potions of flight
 w - 2 potions of ambrosia
 A - a potion of mutation {unknown}
 G - a potion of haste {unknown}
 J - a potion of curing
 P - a potion of might {unknown}
Books
 H - a book of Conjurations

   Spells                             Type                      Level
   a - Magic Dart                     Conjuration                  1
   b - Searing Ray                    Conjuration                  2
   c - Dazzling Spray                 Conjuration/Hexes            3
   d - Fulminant Prism                Conjuration/Hexes            4
   e - Force Lance                    Conjuration/Translocation    4
   f - Iskenderun's Mystic Blast      Conjuration                  4
Comestibles
 c - 8 bread rations
 g - 7 meat rations
 i - 3 royal jellies


   Skills:
 * Level 1.5 Short Blades
 + Level 5.1 Dodging
 + Level 4.5 Stealth
 + Level 8.0 Spellcasting
 + Level 8.2 Conjurations
 - Level 4.2 Hexes
 - Level 2.0 Translocations


You had 7 spell levels left.
You knew the following spells:

 Your Spells              Type           Power        Failure   Level  Hunger
a - Magic Dart            Conj           ####         1%          1    None
b - Searing Ray           Conj           ######       1%          2    None
c - Dazzling Spray        Conj/Hex       #####.       1%          3    None
d - Iskenderun's Mystic   Conj           ######..     1%          4    ##.....
e - Fulminant Prism       Conj/Hex       #####.....   4%          4    ##.....
f - Force Lance           Conj/Tloc      #####...     8%          4    ##.....


Dungeon Overview and Level Annotations

Branches:
Dungeon (10/15)            Temple (0/1) D:6             Orc (0/2) D:9
   Lair: D:8-11

Shops:
D:7 *   D:9 ([

Annotations:
D:3 exclusion: 2 downstairs
D:4 LiquoriceLizzard's ghost, amateur TrWr
D:6 exclusion: downstairs
D:7 exclusions: player ghost, upstairs and 1 more exclusion, Minstaer's ghost, novice MfGl
D:9 exclusion: statue, Gastronok


Innate Abilities, Weirdness & Mutations

You have an increased reservoir of magic. (+10% MP)


Message History

The killer bee closely misses you.
The killer bee stings you but does no damage.
The killer bee barely misses you. x2
The killer bee barely misses you. x2
The killer bee closely misses you. The killer bee barely misses you.
The killer bee stings you.
* * * LOW HITPOINT WARNING * * *
Unknown command.
As you read the scroll labeled FOXZIE IKUO, it crumbles to dust.
It is a scroll of brand weapon.
Your +3 dagger of venom is covered with a thin layer of ice!
a - a +3 dagger of freezing (weapon)
The killer bee misses you. x2; The killer bee closely misses you.
The killer bee completely misses you.
As you read the scroll labeled NAOWIUTALY, it crumbles to dust.
You hear a loud clanging noise!
It was a scroll of noise.
You hear an angry buzzing noise. x3; You hear a bellow! x5
The killer bee barely misses you. The killer bee stings you.
You die...

....>....#.##.###.## #..#.##...
.......).#..#.##...# #..#.##.##
....∩....#..#.##...#####.........
.........#.....'...'........##...
.........##.#.##...#####....#####
.....)...#........## #.#..###
.....)..[.....#§#.######.#....#
..##.###.#[...#§§§§....#.#.##.#
..##.# #.#....§§@y§§.#<#.#.##.#
).##.# #.#..#.#§#y§§.#.#.#.##.#
..##.# #.#..#>#§#§§§.....#.##.#
..##.# #.#......§§§........##.#
..##.# #.#.....[...###.######.#
...#.# #.#.........# #.######.#
'###.# #.#.........# #........#
.....# #.#...y#################
.#######.................#


You could see 2 killer bees.

Vanquished Creatures
  2 trolls (D:9)
  A hippogriff (D:8)
  A shadow (D:9)
  2 hungry ghosts
  A vampire mosquito (D:9)
  A soldier ant (D:9)
  3 orc warriors
  An ice beast (D:6)
  2 sky beasts
  3 ogres
  A phantom (D:9)
  A centaur (D:5)
  A crocodile (D:8)
  A big kobold (D:9)
  4 bullfrogs
  3 scorpions
  6 killer bees
  A howler monkey (D:9)
  4 wights (D:8)
  6 crimson imps
  2 centaur zombies (D:8)
  3 orc priests (D:9)
  A bullfrog zombie (D:7)
  3 centaur skeletons
  5 hounds
  4 jellies
  2 bullfrog skeletons
  3 iguanas
  10 orc wizards
  5 worker ants
  A hound zombie (D:8)
  A hound skeleton (D:7)
  A worker ant zombie (D:9)
  Robin (D:3)
  8 adders
  8 gnolls
  A howler monkey skeleton (D:6)
  A howler monkey zombie (D:8)
  A shadow imp (D:6)
  2 oozes
  2 adder skeletons
  4 worms (D:2)
  3 dart slugs
  8 leopard geckos
  29 orcs
  10 bats
  5 giant cockroaches
  15 goblins
  12 hobgoblins
  6 jackals
  17 kobolds
  9 quokkas
  3 ball pythons
  6 frilled lizards
  A giant cockroach zombie (D:5)
  11 rats
249 creatures vanquished.

Vanquished Creatures (others)
  11 fulminant prisms
  A plant (D:4)
12 creatures vanquished.

Grand Total: 261 creatures vanquished

Notes
Turn   | Place    | Note
-------+----------+-------------------------------------------
     0 | D:1      | StonedInZion the Demigod Conjurer began the quest for the Orb.
     0 | D:1      | Reached XP level 1. HP: 14/14 MP: 5/5
   178 | D:1      | Reached XP level 2. HP: 20/20 MP: 2/7
   183 | D:1      | Learned a level 2 spell: Searing Ray
  1075 | D:1      | Reached XP level 3. HP: 26/26 MP: 6/9
  1083 | D:1      | Learned a level 3 spell: Dazzling Spray
  2218 | D:2      | Found a shattered altar of Ashenzari.
  2395 | D:2      | Reached XP level 4. HP: 32/33 MP: 4/10
  3061 | D:3      | Noticed Robin
  3198 | D:3      | Killed Robin
  3924 | D:3      | Reached XP level 5. HP: 36/38 MP: 1/12
  4009 | D:3      | Learned a level 4 spell: Iskenderun's Mystic Blast
  4217 | D:3      | Reached skill level 1 in Hexes
  4627 | D:4      | Noticed LiquoriceLizzard's ghost (amateur TrWr)
  5163 | D:4      | Reached skill level 5 in Conjurations
  5539 | D:4      | Found a sparkling altar of Nemelex Xobeh.
  6513 | D:4      | Found a shattered altar of Ashenzari.
  6515 | D:4      | Found a burning altar of Makhleb.
  7041 | D:4      | Found a snail-covered altar of Cheibriados.
  7054 | D:4      | Reached XP level 6. HP: 45/45 MP: 3/13
  7427 | D:5      | Entered Level 5 of the Dungeon
  8004 | D:5      | Reached XP level 7. HP: 45/50 MP: 4/14
  9370 | D:6      | Reached XP level 8. HP: 57/57 MP: 14/17
  9607 | D:5      | Learned a level 4 spell: Fulminant Prism
  9944 | D:6      | Found a shadowy altar of Dithmenos.
 10037 | D:6      | Found a staircase to the Ecumenical Temple.
 10044 | D:6      | Found a faded altar of an unknown god.
 10524 | D:7      | Noticed a hippogriff
 10663 | D:7      | Found Agroteod's Assorted Antiques.
 10671 | D:7      | Bought a scroll of identify for 52 gold pieces
 11018 | D:7      | Noticed Minstaer's ghost (novice MfGl)
 11293 | D:7      | Reached skill level 5 in Spellcasting
 12256 | D:8      | Reached XP level 9. HP: 62/62 MP: 8/22
 12262 | D:8      | Learned a level 4 spell: Force Lance
 12401 | D:8      | Found an ancient bone altar of Kikubaaqudgha.
 12966 | D:9      | Found Yntabb's Armour Shoppe.
 12991 | D:8      | Reached skill level 1 in Translocations
 13269 | D:9      | Found a staircase to the Orcish Mines.
 13270 | D:9      | Found Cesytuacha's Weapon Shoppe.
 14513 | D:9      | Reached skill level 5 in Dodging
 15141 | D:9      | Found a radiant altar of Vehumet.
 15165 | D:9      | Reached skill level 1 in Short Blades
 15165 | D:9      | Reached XP level 10. HP: 46/69 MP: 11/26
 16060 | D:10     | Entered Level 10 of the Dungeon
 16060 | D:10     | Noticed Gastronok
 16082 | D:9      | HP: 3/69 [Gastronok/the air (16)]
 16482 | D:9      | HP: 3/69 [troll (7)]
 16489 | D:9      | HP: 1/69 [killer bee (3)]
 16491 | D:9      | Slain by a killer bee

Skill      XL: |  1  2  3  4  5  6  7  8  9 |
---------------+----------------------------+-----
Conjurations   | 4 5 6 7 8 |  8.2
Spellcasting   | 2 3 4 6 8 |  8.0
Dodging        | 2 3 4 5 |  5.1
Stealth        | 2 3 4 |  4.5
Hexes          | 1 2 4 |  4.2
Translocations | 2 |  2.0
Short Blades   | 1 |  1.5

Action                   |  1- 3 |  4- 6 |  7- 9 | 10-12 || total
-------------------------+-------+-------+-------+-------++-------
Melee: Unarmed           |     8 |       |       |       ||     8
       Dagger            |     1 |    26 |    32 |     3 ||    62
       Staff             |       |       |     2 |       ||     2
 Cast: Magic Dart        |    89 |   169 |   266 |    22 ||   546
       Searing Ray       |    17 |    10 |    31 |     2 ||    60
       Dazzling Spray    |       |    21 |    78 |    13 ||   112
       Iskenderun's Myst |       |     6 |     3 |       ||     9
       Fulminant Prism   |       |       |    10 |     1 ||    11
       Force Lance       |       |       |     2 |     3 ||     5
Evoke: Wand              |       |       |     1 |       ||     1
  Use: Scroll            |     3 |     7 |    13 |     8 ||    31
       Potion            |       |       |     3 |     1 ||     4
 Stab: Invisible         |       |       |     1 |       ||     1
  Eat: Chunk             |     6 |    17 |    19 |     2 ||    44
       Fruit             |       |     4 |     6 |       ||    10
       Royal jelly       |       |       |       |     1 ||     1
Armor: Robe              |     3 |    11 |    25 |     5 ||    44
Dodge: Dodged            |    31 |    60 |   176 |    32 ||   299
